 Dungeon Crawl Stone Soup version 0.24-a0-445-gd5110b030a (webtiles) character file.

Game seed: 17469895324262769932

131 theanonym the Ruffian (level 4, 0/35 HPs)
             Began as a Draconian Transmuter on June 22, 2019.
             Shot with an arrow by a centaur (9 damage)
             ... on level 3 of the Dungeon.
             The game lasted 00:02:44 (2026 turns).

theanonym the Ruffian (Draconian Transmuter)        Turns: 2026, Time: 00:02:44

Health: 0/35       AC:  5    Str: 13    XL:     4   Next: 91%
Magic:  8/8        EV: 12    Int: 14    God:
Gold:   140        SH:  0    Dex: 11    Spells: 1/8 levels left

rFire    . . .     SeeInvis .     - Unarmed
rCold    . . .     Gourm    .   (no shield)
rNeg     . . .     Faith    .   (armour unavailable)
rPois    .         Spirit   .   (helmet restricted)
rElec    .         Reflect  .   (no cloak)
rCorr    .         Harm     .   (no gloves)
MR       .....                  (no boots)
Stlth    +.........             (no amulet)
HPRegen  0.11/turn              (no ring)
MPRegen  0.11/turn              (no ring)

@: no status effects
A: unfitting armour, cold-blooded, AC +5
a: no special abilities


Innate Abilities, Weirdness & Mutations

Your plain brown scales are hard. (AC +5)
You cannot fit into any form of body armour.
You are cold-blooded and may be slowed by cold attacks.


   Skills:
 - Level 1.1 Fighting
 - Level 2.7 Dodging
 + Level 3.8 Unarmed Combat
 + Level 2.9 Spellcasting
 + Level 3.1 Transmutations
 + Level 0.0 Ice Magic


You had one spell level left.
You knew the following spells:

 Your Spells              Type           Power        Failure   Level  Hunger
a - Beastly Appendage     Tmut           ##....       6%          1    #......
b - Sticks to Snakes      Tmut           ##......     9%          2    ##.....
c - Ice Form              Ice/Tmut       #.......     75%         4    #####..

Your spell library contained the following spells:

 Spells                   Type           Power        Failure   Level  Hunger
 Spider Form              Tmut/Pois      #.........   34%         3    ###....
 Blade Hands              Tmut           ##........   86%         5    ######.

Skill      XL: |  1  2  3  4 |
---------------+-------------+-----
Dodging        | 2 |  2.7
Transmutations | 3 |  3.1
Fighting       | |  1.1
Unarmed Combat | |  3.8
Spellcasting   | |  2.9

Action                   |  1- 3 |  4- 6 || total
-------------------------+-------+-------++-------
Melee: Unarmed           |   103 |    55 ||   158
       Tailslap          |    15 |     4 ||    19
       Punch             |     1 |     1 ||     2
       Kick              |     6 |     6 ||    12
       Headbutt          |     2 |     4 ||     6
 Cast: Beastly Appendage |     7 |     6 ||    13
       Sticks to Snakes  |       |     3 ||     3
  Use: Potion            |       |     1 ||     1
 Stab: Sleeping          |       |     1 ||     1
  Eat: Chunk             |     1 |     3 ||     4
Armor: Skin              |    19 |    13 ||    32
Dodge: Dodged            |    62 |    53 ||   115

Inventory:

Missiles
 a - 40 arrows
Scrolls
 d - a scroll of immolation {unknown}
 f - 2 scrolls of teleportation {unknown}
 h - 2 scrolls of identify {unknown}
 k - a scroll of magic mapping {unknown}
Potions
 b - a potion of ambrosia {unknown}
 g - a potion of brilliance {unknown}
 i - a potion of magic {unknown}
 j - a potion of curing {unknown}
 l - a potion of cancellation {unknown}
 q - 3 potions of heal wounds
Comestibles
 e - 2 rations


You were on level 3 of the Dungeon.
You were not hungry.

You visited 1 branch of the dungeon, and saw 3 of its levels.

You collected 140 gold pieces.

Dungeon Overview and Level Annotations

Branches:
Dungeon (3/15)

Altars:
Sif Muna

#.#o(((c.(......#
#..##o........#
.......).##.........#
.........####..######
.........# #..o#
#..####....(.#.# ..
#...####.# .
....###oc# ##..##@.##
#†## #.# #.# ..# <..
..#. .# .


You could see a centaur and an orc wizard.

Notes
Turn   | Place    | Note
-------+----------+-------------------------------------------
     0 | D:1      | theanonym the Draconian Transmuter began the quest for the
                  | Orb.
     0 | D:1      | Reached XP level 1. HP: 16/16 MP: 3/3
   192 | D:1      | Reached skill level 2 in Dodging
   192 | D:1      | Reached XP level 2. HP: 22/23 MP: 3/5
   203 | D:1      | Learned a level 2 spell: Sticks to Snakes
   360 | D:1      | Reached XP level 3. HP: 24/28 MP: 6/6
   753 | D:2      | Noticed Natasha
   761 | D:2      | Killed Natasha
  1033 | D:2      | Reached XP level 4. HP: 35/35 MP: 7/7
  1257 | D:2      | Found a deep blue altar of Sif Muna.
  1278 | D:2      | Noticed Natasha
  1301 | D:2      | HP: 15/35 [Natasha/magic dart (7)]
  1305 | D:2      | HP: 7/35 [Natasha (7)]
  1312 | D:2      | Killed Natasha
  1613 | D:2      | Noticed Natasha
  1620 | D:2      | Killed Natasha
  1620 | D:2      | Reached skill level 3 in Transmutations
  1768 | D:3      | Noticed a centaur
  1771 | D:3      | HP: 14/35 [centaur/arrow (11)]
  2016 | D:2      | Learned a level 4 spell: Ice Form
  2025 | D:3      | HP: 17/35 [centaur (7)]
  2026 | D:3      | Shot with an arrow by a centaur

Vanquished Creatures
  Natasha (thrice) (D:2)
  An ooze (D:1)
  4 dart slugs (D:1)
  A leopard gecko (D:2)
  An orc (D:3)
  2 bats
  3 giant cockroaches
  3 goblins
  10 hobgoblins
  2 jackals (D:1)
  A ball python (D:1)
  3 frilled lizards (D:1)
  4 kobolds
  4 rats
42 creatures vanquished.

Table legend:
 A = Turns spent in this place as a percentage of turns spent in the entire game.
 B = Non-inter-level travel turns spent in this place as a percentage of non-inter-level travel turns spent in the entire game.
 C = Inter-level travel turns spent in this place as a percentage of turns spent in this place.
 D = Turns resting spent in this place as a percentage of non-inter-level travel turns spent in this place.
 E = Turns spent auto-exploring this place as a percentage of non-inter-level travel turns spent in this place.
 F = Non-inter-level travel turns spent in this place divided by the number of levels of this place that you've seen.
                   A       B       C       D       E      F
               +-------+-------+-------+-------+-------+----------------------
         Total | 100.0 | 100.0 |   3.8 |  35.8 |  47.6 | 649.3
       Dungeon | 100.0 | 100.0 |   3.8 |  35.8 |  47.6 | 649.3
               +-------+-------+-------+-------+-------+----------------------
